 Dungeon Crawl Stone Soup version 0.25.1-2-g60ff931df9 (webtiles) character file.

Game seed: 12787370384044089442

650376 Delamore the Hoplite (level 27, -43/143 HPs)
             Began as a Gargoyle Fighter on Sept 6, 2020.
             Was the Champion of Okawaru.
             Blown up by an ancient lich (71 damage)
             ... with an orb of destruction
             ... on level 5 of the Realm of Zot.
             The game lasted 02:19:07 (76964 turns).

Delamore the Hoplite (Gargoyle Fighter)            Turns: 76964, Time: 02:19:08

Health: -43/143    AC: 59    Str: 37    XL:     27
Magic:  32/33      EV:  5    Int: 17    God:    Okawaru [******]
Gold:   12285      SH:  0    Dex:  9    Spells: 53/56 levels left

rFire    + + +     SeeInvis +   V - +18 lance "Wyrmbane" {slay drac, rPois rF+ rC+ AC+3}
rCold    + + +     Gourm    .   Y - +2 tower shield
rNeg     + . .     Faith    +   m - +7 gold dragon scales
rPois    ∞         Spirit   .   h - +2 helmet {SInv}
rElec    +         Reflect  .   K - +2 cloak {MR+}
rCorr    +         Harm     .   N - +1 pair of gloves of the Doldrums {rC+ rCorr Str-2 Dex+2}
MR       ++++.     Rnd*Rage +   d - +0 pair of boots {run} Stlth ..........Rnd*Tele +
                                k - amulet "Lusex" {Faith Dex-5 Slay+4}
HPRegen  0.33/turn              M - ring of Javoeguc {rPois rF+ Str+4 Int+6 SInv}
MPRegen  0.23/turn              L - ring of Gozag's Delight {MR+ Str+9 Stlth+}

@: mighty, heroism, berserk cooldown, held, slowed, studying Dodging, very slow
A: big wings, agile 1, berserk 1, blurry vision 2, deformed body, deterioration
1, dopey 2, frail 2, low mp 2, negative energy resistance 1, screaming 1,
electricity resistance, teleportitis 1, unbreathing, petrification resistance,
rot immunity, AC +20
}: 3/15 runes: decaying, silver, gossamer
a: Fly, Heroism, Finesse, Renounce Religion


You were on level 5 of the Realm of Zot.
You worshipped Okawaru.
Okawaru was exalted by your worship.
You were full.

You visited 10 branches of the dungeon, and saw 50 of its levels.
You visited the Abyss 1 time.
You visited 1 bazaar.
You also visited: Trove, Ice Cave, Volcano, Wizlab and Desolation.

You collected 18606 gold pieces.
You spent 6321 gold pieces at shops.

Inventory:

Hand Weapons
 w - a +5 eveningstar of flaming
 V - the +18 lance "Wyrmbane" (weapon) {slay drac, rPois rF+ rC+ AC+3}
   (You bought it in a shop on level 2 of the Orcish Mines)

   It affects your AC (+3).
   It protects you from fire.
   It protects you from cold.
   It protects you from poison.
Missiles
 j - 3 throwing nets
 y - 11 boomerangs of dispersal
 H - 10 silver javelins (quivered)
Armour
 d - a +0 pair of boots of running (worn)
 h - a +2 helmet of see invisible (worn)
 m - +7 gold dragon scales (worn)
 K - a +2 cloak of magic resistance (worn)
 N - the +1 pair of gloves of the Doldrums (worn) {rC+ rCorr Str-2 Dex+2}
   (You found it on level 4 of the Depths)

   It affects your strength (-2).
   It affects your dexterity (+2).
   It protects you from cold.
   It provides partial protection from all sources of acid and corrosion.
 Y - a +2 tower shield (worn)
Jewellery
 k - the amulet "Lusex" (around neck) {Faith Dex-5 Slay+4}
   (You acquired it on level 8 of the Dungeon)

   [amulet of faith]

   It allows you to gain divine favour quickly.
   It affects your dexterity (-5).
   It affects your accuracy and damage with ranged weapons and melee attacks
   (+4).
 L - the ring of Gozag's Delight (right hand) {MR+ Str+9 Stlth+}
   (You found it on level 2 of the Depths)

   [ring of stealth]

   It affects your strength (+9).
   It affects your resistance to hostile enchantments.
   It makes you more stealthy.
 M - the ring of Javoeguc (left hand) {rPois rF+ Str+4 Int+6 SInv}
   (You found it in the Desolation of Salt)

   [ring of intelligence]

   It affects your strength (+4).
   It affects your intelligence (+6).
   It protects you from fire.
   It protects you from poison.
   It lets you see invisible.
Wands
 b - a wand of clouds (22)
 e - a wand of iceblast (31)
 i - a wand of disintegration (39)
 o - a wand of flame (86)
 u - a wand of paralysis (24)
 z - a wand of digging (8)
 R - a wand of acid (27)
Scrolls
 a - 8 scrolls of enchant weapon
 p - 2 scrolls of brand weapon
 q - 27 scrolls of remove curse
 v - 15 scrolls of teleportation
 x - 4 scrolls of fear
 E - 5 scrolls of identify
 I - 7 scrolls of magic mapping
 J - a scroll of immolation
 O - 12 scrolls of blinking
 S - 3 scrolls of summoning
 T - 4 scrolls of silence
 W - a scroll of enchant armour
Potions
 g - 2 potions of berserk rage
 l - 20 potions of curing
 s - 7 potions of might
 t - 10 potions of haste
 A - 3 potions of lignification
 B - 5 potions of cancellation
 C - 6 potions of resistance
 F - 8 potions of mutation
Books
 X - a manual of Dodging
Miscellaneous
 Q - 5 phantom mirrors
Comestibles
 f - 77 rations


   Skills:
 - Level 19.8(24.8) Fighting
 - Level 16.0(21.0) Maces & Flails
 - Level 20.0(25.0) Polearms
 + Level 10.0(15.0) Throwing
 + Level 14.1(19.1) Armour
 - Level 25.2(27) Shields
 - Level 15.0 Spellcasting
 - Level 15.0 Translocations
 + Level 17.5 Invocations
 - Level 10.0 Evocations


You had 53 spell levels left.
You knew the following spells:

 Your Spells              Type           Power        Failure   Level  Hunger
a - Lesser Beckoning      Tloc           ######....   1%          3    None

Your spell library contained the following spells:

 Spells                   Type           Power        Failure   Level  Hunger
 Apportation              Tloc           ######       1%          1    None
 Blink                    Tloc           N/A          1%          2    None
 Gell's Gravitas          Tloc           ######....   1%          3    None
 Teleport Other           Tloc           ######..     1%          3    None
 Passage of Golubria      Tloc           N/A          1%          4    None
 Shroud of Golubria       Chrm/Tloc      #####.       2%          2    None
 Recall                   Summ/Tloc      N/A          4%          3    None
 Iskenderun's Mystic Bla  Conj/Tloc      #####...     16%         4    None
 Animate Skeleton         Necr           N/A          34%         1    None
 Corona                   Hex            ##.....      34%         1    None
 Foxfire                  Conj/Fire      ##..         34%         1    None
 Infusion                 Chrm           ##..         34%         1    None
 Magic Dart               Conj           ##..         34%         1    None
 Pain                     Necr           ##..         34%         1    None
 Sandblast                Erth           ##....       34%         1    None
 Shock                    Conj/Air       ##..         34%         1    None
 Sting                    Tmut/Pois      ##..         34%         1    None
 Summon Butterflies       Summ           ##......     34%         1    None
 Summon Small Mammal      Summ           ##..         34%         1    None
 Summon Forest            Summ/Tloc      #####.....   41%         5    ####...
 Call Imp                 Summ           ##......     47%         2    None
 Corpse Rot               Necr/Air       N/A          47%         2    None
 Ensorcelled Hibernation  Hex/Ice        ##....       47%         2    None
 Passwall                 Tmut/Erth      ##......     47%         2    None
 Poisonous Vapours        Pois/Air       ##....       47%         2    None
 Searing Ray              Conj           ##....       47%         2    None
 Slow                     Hex            ##......     47%         2    None
 Song of Slaying          Chrm           ##......     47%         2    None
 Swiftness                Chrm/Air       ##......     47%         2    None
 Call Canine Familiar     Summ           ##......     71%         3    None
 Confusing Touch          Hex            ##......     71%         3    None
 Conjure Flame            Conj/Fire      ##......     71%         3    None
 Dazzling Flash           Conj/Hex       ##....       71%         3    None
 Ignite Poison            Fire/Tmut/Pois ##......     71%         3    None
 Inner Flame              Hex/Fire       ##......     71%         3    None
 Mephitic Cloud           Conj/Pois/Air  ##......     71%         3    None
 Ozocubu's Armour         Chrm/Ice       ##......     71%         3    None
 Spectral Weapon          Hex/Chrm       ##......     71%         3    None
 Static Discharge         Conj/Air       ##......     71%         3    None
 Stone Arrow              Conj/Erth      ##....       71%         3    None
 Summon Guardian Golem    Hex/Summ       ##......     71%         3    None
 Tukima's Dance           Hex            ##......     71%         3    None
 Vampiric Draining        Necr           ##........   71%         3    None
 Airstrike                Air            ##........   98%         4    None
 Animate Dead             Necr           N/A          98%         4    None
 Cause Fear               Hex            ##........   98%         4    None
 Dispel Undead            Necr           ##......     98%         4    None
 Fulminant Prism          Conj/Hex       ##........   98%         4    None
 Hailstorm                Conj/Ice       ##......     98%         4    None
 Ice Form                 Ice/Tmut       ##......     98%         4    None
 Leda's Liquefaction      Hex/Erth       ##........   98%         4    None
 Olgreb's Toxic Radiance  Pois           ##......     98%         4    None
 Petrify                  Tmut/Erth      ##......     98%         4    None
 Summon Ice Beast         Ice/Summ       ##......     98%         4    None
 Summon Lightning Spire   Summ/Air       ##......     98%         4    None
 Agony                    Necr           ##......     100%        5    ####...
 Alistair's Intoxication  Tmut/Pois      ##......     100%        5    ####...
 Aura of Abjuration       Summ           ##........   100%        5    ####...
 Bolt of Magma            Conj/Fire/Erth ##........   100%        5    ####...
 Borgnjor's Vile Clutch   Necr/Erth      ##........   100%        5    ####...
 Excruciating Wounds      Chrm/Necr      ##........   100%        5    ####...
 Iskenderun's Battlesphe  Conj/Chrm      ##......     100%        5    ####...
 Lee's Rapid Deconstruct  Erth           ##........   100%        5    ####...
 Lightning Bolt           Conj/Air       ##........   100%        5    ####...
 Metabolic Englaciation   Hex/Ice        ##........   100%        5    ####...
 Silence                  Hex/Air        ##........   100%        5    ####...
 Summon Demon             Summ           ##........   100%        5    ####...
 Summon Mana Viper        Hex/Summ       ##......     100%        5    ####...
 Yara's Violent Unravell  Hex/Tmut       ##........   100%        5    ####...
 Darkness                 Hex            ##........   100%        6    #####..
 Eringya's Noxious Bog    Tmut/Pois      ##........   100%        6    #####..
 Freezing Cloud           Conj/Ice/Air   ##........   100%        6    #####..
 Hydra Form               Tmut           ##........   100%        6    #####..
 Invisibility             Hex            ##......     100%        6    #####..
 Iron Shot                Conj/Erth      ##........   100%        6    #####..
 Ozocubu's Refrigeration  Ice            ##........   100%        6    #####..
 Shadow Creatures         Summ           N/A          100%        6    #####..
 Simulacrum               Ice/Necr       ##........   100%        6    #####..
 Starburst                Conj/Fire      ##........   100%        6    #####..
 Orb of Destruction       Conj           ##........   100%        7    #######
 Ring of Flames           Chrm/Fire      ##........   100%        7    #######
 Spellforged Servitor     Conj/Summ      ##........   100%        7    #######
 Summon Hydra             Summ           ##........   100%        7    #######
 Discord                  Hex            ##........   100%        8    #######
 Ignition                 Fire           ##........   100%        8    #######
 Shatter                  Erth           ##........   100%        9    #######
 Tornado                  Air            ##........   100%        9    #######
 Sublimation of Blood     Necr           Unusable     N/A         2    N/A
 Statue Form              Tmut/Erth      Unusable     N/A         6    N/A

Dungeon Overview and Level Annotations

Branches:
Dungeon (15/15)            Temple (1/1) D:6            Lair (6/6) D:9
  Swamp (4/4) Lair:2       Spider (4/4) Lair:3        Slime (0/5) Lair:6
    Orc (2/2) D:11            Elf (3/3) Orc:2        Vaults (5/5) D:14
  Crypt (0/3) Vaults:3     Depths (5/5) D:15            Zot (5/5) Depths:5
  IceCv (visited)         Volcano (visited)          WizLab (visited)
Desolation (visited)

Altars:
Ashenzari
Cheibriados
Dithmenos
Elyvilon
Fedhas
Gozag
Hepliaklqana
Kikubaaqudgha
Makhleb
Nemelex Xobeh
Okawaru
Qazlal
Ru
Sif Muna
Trog
Uskayaw
Vehumet
Wu Jian
Xom
Yredelemnul
Zin
The Shining One
Beogh
Jiyva

Shops:
D:8 ![=[   D:9 :   D:13 :   Orc:2 :[*(*   Elf:3 }(:   Depths:2 !*   Depths:3 *(

Portals:
Hell: Depths:1 Depths:2 Depths:3 Depths:4 Depths:5
Abyss: Depths:1 Depths:4 Depths:5
Pandemonium: Depths:3 Depths:5
Ziggurat: Depths:2

Annotations:
Lair:2 2 transporters, exclusion: 2 oklob plants, Elkerch's ghost, journeyman CeAM


Innate Abilities, Weirdness & Mutations

You are resistant to torment.
Your stone body is resilient. (AC +20)
You are immune to poison.
Your large and strong wings let you fly indefinitely.
You resist negative energy. (rN+)
You are resistant to electric shocks. (rElec)
You can survive without breathing.
You are immune to petrification.
You are immune to rotting.
You are agile. (Dex +2)
You tend to lose your temper in combat.
Scrolls take you longer to read.
Armour fits poorly on your strangely shaped body.
Your body sometimes deteriorates upon taking damage.
You are very dopey. (Int -4)
You are very frail. (-20% HP)
Your magical capacity is very low. (-20% MP)
You occasionally shout uncontrollably at your foes.
You are occasionally teleported next to monsters.


Message History

The ghost moth is severely wounded.
You block the ghost moth's attack. x2
The ghost moth stings you but does no damage.
You impale the ghost moth!!
You kill the ghost moth!
Okawaru accepts your kill.
You are no longer berserk.
You are exhausted.
You feel yourself slow down.
You feel better.
The Killer Klown seems less confused.
The Killer Klown is engulfed in noxious fumes.
The Killer Klown blinks!
The Killer Klown drops a net on you. A large net falls onto you!
You become entangled in the net!
The ancient lich conjures an orb of pure magic.
The Killer Klown disappears!
The ancient lich gestures at you while chanting.
The bolt of lightning misses you.
An orb of destruction comes into view.
You feel better. The orb of destruction hits you!!!
You die...

,,,,,,,..▓▓▓* ▓▓▓ ,,,,,,......▓##
##▓.. ,,,,,,........## ##....
,,,,,,.........# ▓▓▓▓▓▓▓▓▓ #.....
,,,^,,......○..▓▓▓.......▓▓▓.....
,,,,,,.....○.☼.▓▓.[.......▓▓.....
,,,,,,........☼▓..^.......)▓.....
,,,,,,.......L○○.^.§.0.^...).....
,,,,^,.^.......▓@.^.^......▓[....
,,,,,,..*......▓▓.........▓▓.....
,,,,,,.^.....).▓▓▓.......▓▓▓.....
,,,,,,.......^.▓ ▓▓▓▓▓▓▓▓▓ ▓.....
,,,,,,........▓▓ ▓▓....
,,,^,,......▓▓▓ ▓▓▓..
,,,,,,...▓▓▓* ▓▓▓ ******▓▓▓*


You could see an ancient lich.

Vanquished Creatures
  10 orbs of fire
  6 ancient liches
  2 juggernauts
  The ghost of quaternion the Impregnable, a veteran MiFi of Makhleb (Vaults:3)
  Sojobo (Depths:2)
  2 Killer Klowns (Zot:5)
  Bai Suzhen (Depths:2)
  A curse toe (Zot:5)
  4 caustic shrikes
  3 golden dragons
  A Hellbinder (WizLab)
  2 bone dragons (Depths:5)
  Arachne (Spider:3)
  3 electric golems
  22 Orb Guardians (Zot:5)
  Jorgrun (Orc:1)
  13 tentacled monstrosities
  5 titans
  4 liches
  3 deep elf blademasters
  9 death cobs
  2 deep elf master archers
  6 quicksilver dragons
  6 sphinxes
  Kirke (D:12)
  A thorn hunter (Swamp:4)
  Roxanne (Elf:3)
  An ancient champion (Depths:2)
  10 tengu reavers
  8 storm dragons
  3 shadow dragons
  11 draconian knights
  4 draconian monks
  12 fire giants
  22 vault wardens
  Louise (Spider:4)
  4 draconian scorchers
  A balrug (WizLab)
  4 deep elf sorcerers
  3 iron dragons
  4 orc warlords
  A cacodemon (WizLab)
  2 draconian shifters
  A fire giant (shapeshifter) (Vaults:5)
  15 frost giants
  6 ghost moths
  4 emperor scorpions
  6 deep elf elementalists
  A ghoul (Depths:2)
  16 very ugly things
  2 draconian stormcallers (Zot:4)
  A spriggan defender (Depths:3)
  6 draconian annihilators
  14 ironheart preservers
  5 entropy weavers
  A juggernaut skeleton (Depths:4)
  4 vampire knights
  2 war gargoyles
  19 stone giants
  Nessos (D:12)
  A blood saint (WizLab)
  8 deep elf demonologists
  10 black draconians
  12 green draconians
  3 spark wasps
  8 red draconians
  3 halazid warlocks (Desolation)
  7 purple draconians
  8 deep elf annihilators
  A blizzard demon (WizLab)
  2 lorocyprocas (WizLab)
  16 yellow draconians
  13 deep elf death magi
  16 ettins
  A dire elephant (Lair:6)
  A green death (WizLab)
  3 crystal guardians (Desolation)
  7 white draconians
  7 fire dragons
  7 ragged hierophants
  Erolcha (Orc:1)
  3 deep elf high priests
  39 vault guards
  The ghost of Almogavar the Carver, a journeyman DrGl of Makhleb (D:9)
  14 yaktaur captains
  6 great orbs of eyes
  23 hydras
  5 spriggan air magi
  4 servants of whispers (Desolation)
  7 ice dragons
  7 peacekeepers (Desolation)
  4 shambling mangroves (Swamp:4)
  4 rakshasas
  Harold (D:8)
  Erica (Lair:1)
  3 ghost crabs (Swamp:4)
  3 catoblepae (Lair:6)
  The ghost of lllmatko the Basher, a novice MiBe of Trog (D:11)
  6 alligators
  4 death knights
  7 tengu warriors
  13 deep troll shamans
  13 centaur warriors
  28 dancing weapons
  15 deep troll earth magi
  16 ogre magi
  34 two-headed ogres
  8 death yaks
  4 vampire magi
  A queen ant (shapeshifter) (Depths:3)
  5 spriggan berserkers
  2 orc high priests
  A soul eater (WizLab)
  Sonja (Lair:4)
  A storm dragon zombie (D:15)
  8 skeletal warriors
  3 sun demons
  19 deep elf knights
  A spatial maelstrom (Abyss:4)
  3 spriggans
  3 shadow wraiths
  4 iron trolls
  4 hell knights
  A sixfirhy (WizLab)
  A golden dragon zombie (Depths:4)
  A sea snake (shapeshifter) (Elf:3)
  8 glowing orange brains
  6 flayed ghosts
  A deep troll (shapeshifter) (Vaults:2)
  An unseen horror (shapeshifter) (Vaults:1)
  9 wizards
  11 swamp dragons
  2 shadow demons
  31 deep trolls
  5 unseen horrors
  An orange crystal statue (Depths:1)
  19 ironbrand convokers
  5 lindwurms
  10 deep elf archers
  3 phantasmal warriors
  3 harpies (Vaults:1)
  Pikel (D:8)
  A sphinx zombie (Depths:4)
  10 orb spiders
  7 necromancers
  13 wolf spider zombies (Spider:1)
  73 deep elf magi
  15 orc knights
  8 cyclopes
  50 ugly things
  A frost giant zombie (Vaults:3)
  5 orc sorcerers
  27 wolf spiders
  16 elephants
  3 manticores
  21 moths of wrath
  An ice statue (IceCv)
  4 guardian serpents
  Maurice (D:12)
  2 black mambas
  6 torpor snails
  3 guardian serpents (shapeshifter)
  8 vault sentinels
  A rust devil (Depths:3)
  A torpor snail (shapeshifter) (Vaults:4)
  18 spiny frogs
  5 gargoyles
  5 orange demons
  3 rime drakes
  2 centaur skeletons
  7 komodo dragons
  2 kobold demonologists (D:13)
  3 freezing wraiths
  7 redback zombies (Spider:1)
  A yaktaur skeleton (D:15)
  4 red devils
  10 demonic crawlers
  3 tengu conjurers
  2 tormentors (WizLab)
  An efreet (Volcano)
  2 hellwings
  34 yaktaurs
  5 ice devils (WizLab)
  6 trolls
  4 small abominations
  3 ancient zymes (Abyss:4)
  A polar bear (shapeshifter) (Vaults:2)
  A golden dragon simulacrum (Depths:4)
  31 slime creatures
  25 jumping spiders
  18 polar bears
  A meliai (shapeshifter) (Depths:2)
  A tengu simulacrum (Vaults:2)
  53 saltlings
  28 hornets
  A slime creature (shapeshifter) (Depths:2)
  5 tarantella zombies (Spider:1)
  14 bog bodies
  13 hippogriffs
  An ettin zombie (Abyss:4)
  8 blink frogs (Lair:4)
  12 tyrant leeches
  A hippogriff (shapeshifter) (D:15)
  8 dream sheep
  A blink frog (shapeshifter) (D:14)
  52 redbacks
  A stone giant simulacrum (Vaults:1)
  4 centaur simulacra
  A deep troll skeleton (D:15)
  3 shadows
  2 tarantellas (shapeshifter)
  63 yaks
  3 air elementals
  A large abomination (Abyss:4)
  7 wyverns
  22 tarantellas
  10 wraiths
  2 ynoxinuls (WizLab)
  9 water elementals
  3 basilisks
  2 chaos spawn
  3 neqoxecs (WizLab)
  Grum (D:8)
  9 hogs
  25 humans
  A hungry ghost (D:10)
  3 fire elementals
  22 vampire mosquitoes
  3 spatial vortices (Abyss:4)
  17 swamp worms
  14 two-headed ogre zombies (Orc:1)
  7 wargs
  2 acid dragons
  5 porcupines
  16 water moccasins
  5 floating eyes
  13 swamp drakes
  2 black bears
  2 eyes of draining
  12 ice beasts
  3 sky beasts
  2 slaves (D:8)
  50 orc warriors
  A phantom (D:12)
  A black bear (shapeshifter) (Vaults:1)
  36 wolves
  A tengu (shapeshifter) (Depths:5)
  An ogre (shapeshifter) (Depths:2)
  18 centaurs
  A necrophage (D:11)
  40 ogres
  18 boggarts
  10 crocodiles
  2 spectral wyverns (D:11)
  12 bullfrogs
  A human zombie (Vaults:3)
  14 big kobolds
  Blork the orc (D:5)
  A gnoll sergeant (D:6)
  4 earth elementals
  A wyvern skeleton (D:12)
  A tengu zombie (D:15)
  5 scorpions
  8 killer bees
  15 wights
  4 centaur zombies
  8 crimson imps
  2 howler monkeys (D:5)
  2 human simulacra
  A quasit (D:10)
  2 spectral bullfrogs (D:11)
  2 jellies
  3 bullfrog zombies
  4 bullfrog skeletons
  5 hounds
  An iron imp (Depths:5)
  22 orc priests
  31 orc wizards
  2 iguanas
  2 hell rats (D:9)
  4 worker ants
  2 yak simulacra (D:13)
  2 polar bear simulacra (D:13)
  3 wolf simulacra (D:13)
  An ogre zombie (Orc:1)
  A hound zombie (D:11)
  2 hound skeletons
  A howler monkey zombie (D:6)
  6 gnolls
  A howler monkey skeleton (D:5)
  7 adders
  3 shadow imps
  2 white imps (Depths:5)
  4 oozes
  An adder skeleton (D:8)
  A worm (D:3)
  A dart slug (D:1)
  6 leopard geckos
  113 orcs
  4 bats
  9 giant cockroaches
  13 hobgoblins
  11 jackals
  A kobold (shapeshifter) (D:13)
  13 kobolds
  3 quokkas
  A ball python (D:2)
  7 frilled lizards
  7 goblins
  A leopard gecko skeleton (D:7)
  A leopard gecko zombie (D:4)
  2 quokka skeletons (D:8)
  7 rats
  3 river rat simulacra (D:13)
  A butterfly (Lair:4)
  A plant (Lair:6)
2449 creatures vanquished.

Vanquished Creatures (others)
  A fire giant (Vaults:4)
  A dancing weapon (Elf:2)
  A spriggan druid (Swamp:4)
  The ghost of Almogavar the Nimble, a novice SpWr of the Shining One (D:7)
  3 deep elf magi
  A guardian serpent (Desolation)
  A hornet (Swamp:4)
  A tyrant leech (Swamp:4)
  A slime creature (Vaults:1)
  A spriggan (Swamp:4)
  2 orc warriors (D:7)
  A slave (D:8)
  A sky beast (D:7)
  An ogre (Vaults:1)
  A centaur (D:5)
  A big kobold (D:7)
  A scorpion (D:7)
  3 orc wizards
  A centaur zombie (D:5)
  An orc (D:8)
  2 briar patches (Swamp:4)
  3 fungi
  9 plants
39 creatures vanquished.

Grand Total: 2488 creatures vanquished

Notes
Turn   | Place    | Note
-------+----------+-------------------------------------------
     0 | D:1      | Delamore the Gargoyle Fighter began the quest for the Orb.
     0 | D:1      | Reached XP level 1. HP: 14/14 MP: 1/1
    70 | D:1      | Reached XP level 2. HP: 16/19 MP: 2/2
   543 | D:1      | Reached XP level 3. HP: 14/23 MP: 3/3
  1050 | D:2      | Reached XP level 4. HP: 26/29 MP: 4/4
  1356 | D:2      | Found a blossoming altar of Fedhas.
  1631 | D:2      | Found a bloodstained altar of Trog.
  1791 | D:3      | Found a hazy altar of Hepliaklqana.
  1793 | D:3      | Found a hide-covered altar of Uskayaw.
  1795 | D:3      | Found a basalt altar of Yredelemnul.
  1796 | D:3      | Found a shadowy altar of Dithmenos.
  1796 | D:3      | Found an opulent altar of Gozag.
  1815 | D:3      | Reached skill level 4 in Shields
  1838 | D:3      | Noticed a water elemental
  1840 | D:3      | Found a stormy altar of Qazlal.
  1841 | D:3      | Noticed an air elemental
  1841 | D:3      | Noticed a fire elemental
  1841 | D:3      | Noticed an earth elemental
  2167 | D:3      | Found a glowing golden altar of the Shining One.
  2269 | D:4      | Found an ornate altar of the Wu Jian Council.
  2378 | D:4      | Noticed an ogre
  2387 | D:4      | Killed an ogre
  2387 | D:4      | Reached XP level 5. HP: 34/34 MP: 5/5
  2461 | D:4      | Reached XP level 6. HP: 33/39 MP: 6/6
  3057 | D:4      | Found a radiant altar of Vehumet.
  3064 | D:4      | Found a snail-covered altar of Cheibriados.
  3166 | D:5      | Entered Level 5 of the Dungeon
  3166 | D:5      | Noticed Blork the orc
  3177 | D:5      | Killed Blork the orc
  3186 | D:5      | Found a burning altar of Makhleb.
  3199 | D:5      | Reached skill level 5 in Maces & Flails
  3240 | D:5      | Reached skill level 5 in Fighting
  3244 | D:5      | Reached skill level 5 in Shields
  3244 | D:5      | Reached XP level 7. HP: 30/44 MP: 7/7
  3480 | D:5      | Found a shimmering altar of Xom.
  3982 | D:6      | Found a staircase to the Ecumenical Temple.
  3992 | Temple   | Entered the Ecumenical Temple
  4211 | Temple   | Became a worshipper of Warmaster Okawaru
  4322 | D:6      | Reached XP level 8. HP: 37/49 MP: 8/8
  4391 | D:6      | Reached * piety under Okawaru
  4442 | D:6      | Found a snail-covered altar of Cheibriados.
  4780 | D:7      | Found a runed translucent gate.
  4780 | D:7      | Found a runed translucent gate.
  4780 | D:7      | Found a runed translucent gate.
  4780 | D:7      | Noticed Almogavar's ghost (novice SpWr)
  4780 | D:7      | Identified the +4 dagger "Suprunut" {pain, rElec Int+4}
  5091 | D:7      | Found a roughly hewn altar of Beogh.
  5091 | D:7      | Found a transporter.
  5293 | D:7      | Found a transporter.
  5819 | D:7      | Reached skill level 10 in Maces & Flails
  5820 | D:7      | Reached XP level 9. HP: 27/54 MP: 9/9
  5903 | D:7      | Banished Almogavar's ghost
  5906 | D:7      | Reached ** piety under Okawaru
  6041 | D:7      | Got a faintly humming plate armour
  6173 | D:7      | Identified the +9 plate armour "Cumisuh" {rPois rN+} (You
                  | found it on level 7 of the Dungeon)
  6183 | D:7      | Identified a +0 pair of boots of running (You found it on
                  | level 7 of the Dungeon)
  6229 | D:8      | Noticed Pikel
  6232 | D:8      | Found Yjoboeg's Distillery.
  6265 | D:8      | Killed Pikel
  6273 | D:8      | Bought a potion of might for 60 gold pieces
  6286 | D:8      | Found Lyselau's Antique Armour Boutique.
  6300 | D:8      | Gained mutation: Your body sometimes deteriorates upon
                  | taking damage. [mutagenic glow]
  6369 | D:8      | Gained mutation: Your magical capacity is low. (-10% MP)
                  | [mutagenic glow]
  6430 | D:8      | Reached *** piety under Okawaru
  6474 | D:8      | Reached XP level 10. HP: 59/59 MP: 9/9
  6568 | D:8      | Noticed Harold
  6594 | D:8      | Killed Harold
  6594 | D:8      | Reached **** piety under Okawaru
  6838 | D:8      | Noticed Grum
  6888 | D:8      | Killed Grum
  6963 | D:8      | Found Puwk's Armour Shoppe.
  6981 | D:8      | Found Miarchuoz's Jewellery Shop.
  7442 | D:9      | Reached skill level 1 in Invocations
  7656 | D:9      | Found Jynell's Book Shoppe.
  7725 | D:9      | Noticed a death yak
  7727 | D:9      | Noticed a death yak
  7728 | D:9      | Noticed a death yak
  7751 | D:9      | Reached ***** piety under Okawaru
  7801 | D:8      | Killed a death yak
  7801 | D:8      | Reached skill level 6 in Shields
  7867 | D:9      | Found a runed translucent gate.
  7868 | D:9      | Found a runed translucent gate.
  7869 | D:9      | Found a runed translucent gate.
  7887 | D:9      | Found a staircase to the Lair.
  7976 | D:9      | Noticed Almogavar's ghost (journeyman DrGl)
  8099 | D:9      | Killed a death yak
  8099 | D:9      | Received a gift from Okawaru
  8099 | D:9      | Reached skill level 7 in Shields
  8099 | D:9      | Reached XP level 11. HP: 62/64 MP: 10/12
  8112 | D:9      | Killed a death yak
  8298 | Lair:1   | Entered Level 1 of the Lair of Beasts
  8352 | Lair:1   | Reached skill level 8 in Shields
  8392 | Lair:1   | Noticed Erica
  8458 | Lair:1   | Killed Erica
  8738 | Lair:1   | Reached skill level 9 in Shields
  8750 | Lair:1   | Reached skill level 5 in Invocations
  8825 | Lair:1   | Found a dark tunnel.
  8832 | Volcano  | Entered a volcano
  8975 | Volcano  | Lost mutation: Your body sometimes deteriorates upon taking
                  | damage. [potion of mutation]
  8975 | Volcano  | Lost mutation: Your magical capacity is low. (-10% MP)
                  | [potion of mutation]
  8975 | Volcano  | Gained mutation: Your magical capacity is low. (-10% MP)
                  | [potion of mutation]
  8975 | Volcano  | Gained mutation: You are robust. (+10% HP) [potion of
                  | mutation]
  9490 | Lair:1   | Reached skill level 10 in Shields
  9963 | Lair:1   | Reached XP level 12. HP: 81/81 MP: 14/14
 10333 | Lair:1   | Received a gift from Okawaru
 10469 | Lair:2   | Reached skill level 11 in Shields
 10556 | Lair:2   | Found a transporter.
 10563 | Lair:2   | Found a transporter.
 10563 | Lair:2   | Noticed Elkerch's ghost (journeyman CeAM)
 10772 | Lair:2   | Found a staircase to the Swamp.
 11145 | Lair:3   | Found a hide-covered altar of Uskayaw.
 11153 | Lair:3   | Found a hole to the Spider Nest.
 11153 | Lair:3   | Noticed a seven-headed hydra
 11163 | Lair:3   | Killed a seven-headed hydra
 11317 | Lair:3   | Received a gift from Okawaru
 11319 | Lair:3   | Got a transparent scale mail {god gift}
 11332 | Lair:3   | Identified the +6 scale mail of Okawaru's Generosity {rElec
                  | rPois rC- Int+2} (Okawaru gifted it to you on level 3 of
                  | the Lair of Beasts)
 11373 | Lair:3   | Noticed a seven-headed hydra
 11380 | Lair:3   | Killed a seven-headed hydra
 11446 | Lair:3   | Reached ****** piety under Okawaru
 11446 | Lair:3   | Reached skill level 12 in Shields
 12318 | Lair:4   | Noticed Sonja
 12330 | Lair:4   | Killed Sonja
 12443 | Lair:4   | Reached skill level 10 in Fighting
 12456 | Lair:4   | Reached XP level 13. HP: 76/90 MP: 15/15
 12579 | Lair:4   | Reached skill level 13 in Shields
 12816 | Lair:4   | Got a masterwork scale mail
 12827 | Lair:4   | Identified the +4 scale mail "Ymirix" {Int+2} (You found it
                  | on level 4 of the Lair of Beasts)
 13333 | Lair:4   | Reached skill level 15 in Maces & Flails
 13881 | Lair:5   | Reached skill level 14 in Shields
 14224 | Lair:5   | Received a gift from Okawaru
 14462 | Lair:6   | Entered Level 6 of the Lair of Beasts
 14749 | Lair:6   | Received a gift from Okawaru
 14837 | Lair:6   | Gained mutation: Your large and strong wings let you fly
                  | indefinitely. [Gargoyle growth]
 14837 | Lair:6   | Reached XP level 14. HP: 80/99 MP: 15/15
 15128 | Lair:6   | Found a staircase to the Slime Pits.
 15128 | Lair:6   | Found a viscous altar of Jiyva.
 15132 | Lair:6   | Reached skill level 15 in Shields
 15350 | Lair:6   | Received a gift from Okawaru
 15518 | Lair:6   | Noticed a dire elephant
 15529 | Lair:6   | Killed a dire elephant
 15552 | Lair:6   | Received a gift from Okawaru
 16028 | Lair:6   | Found a runed translucent door.
 16804 | D:9      | Killed Almogavar's ghost
 16883 | D:10     | Entered Level 10 of the Dungeon
 17736 | D:11     | Found a frozen archway.
 17760 | IceCv    | Entered an ice cave
 17975 | IceCv    | Reached XP level 15. HP: 111/111 MP: 17/17
 18184 | IceCv    | Reached skill level 5 in Armour
 18194 | IceCv    | Received a gift from Okawaru
 18251 | IceCv    | Noticed a frost giant
 18274 | IceCv    | Killed a frost giant
 19381 | D:11     | Found a runed translucent gate.
 19381 | D:11     | Found a runed translucent gate.
 19381 | D:11     | Found a runed translucent gate.
 19381 | D:11     | Noticed lllmatko's ghost (novice MiBe)
 19395 | D:11     | Killed lllmatko's ghost
 19556 | D:11     | Found a staircase to the Orcish Mines.
 20066 | Orc:1    | Entered Level 1 of the Orcish Mines
 20139 | Orc:2    | Entered Level 2 of the Orcish Mines
 20405 | Orc:2    | Reached skill level 15 in Fighting
 20413 | Orc:2    | Noticed an orc warlord
 20667 | Orc:2    | Found Tufy's General Store.
 20669 | Orc:2    | Found a staircase to the Elven Halls.
 20717 | Orc:2    | HP: 4/113 [orc knight/+0 battleaxe (17)]
 20722 | Orc:2    | HP: 5/113 [orc priest/divine providence (12)]
 21227 | Orc:2    | Bought a scroll of identify for 30 gold pieces
 21287 | Orc:2    | Received a gift from Okawaru
 21369 | Orc:2    | Killed an orc warlord
 21427 | Orc:2    | Found a roughly hewn altar of Beogh.
 21805 | Orc:2    | Found Ylosm's Antique Weapon Shop.
 21849 | Orc:2    | Found Ranesm's Book Shop.
 22052 | Orc:2    | Found Fatiuhus's Antique Armour Shop.
 22066 | Orc:2    | Found Malod's General Store.
 22216 | Orc:1    | Noticed Jorgrun
 22227 | Orc:1    | Killed Jorgrun
 22814 | Orc:1    | Noticed an orc warlord
 22836 | Orc:1    | Killed an orc warlord
 22926 | Orc:1    | Noticed Erolcha
 22932 | Orc:1    | Killed Erolcha
 23349 | Orc:2    | Bought the +8 lance "Wyrmbane" {slay drac, rPois rF+ rC+
                  | AC+3} for 2100 gold pieces
 23349 | Orc:2    | Found the +8 lance "Wyrmbane" {slay drac, rPois rF+ rC+
                  | AC+3}
 23633 | D:12     | Reached skill level 1 in Polearms
 23671 | D:12     | Noticed Maurice
 23682 | D:12     | Killed Maurice
 23688 | D:12     | Noticed Nessos
 23709 | D:12     | Killed Nessos
 23713 | D:12     | Reached XP level 16. HP: 107/118 MP: 21/21
 23790 | D:12     | Reached skill level 10 in Invocations
 24246 | D:13     | Reached skill level 5 in Polearms
 24260 | D:13     | Received a gift from Okawaru
 24441 | D:13     | Found Opsuol's Book Shop.
 24453 | D:13     | Learned a level 3 spell: Lesser Beckoning
 24502 | D:13     | Noticed Kirke
 25286 | D:12     | Killed Kirke
 25714 | D:14     | Found a portal to a secret trove of treasure.
 26065 | D:14     | Reached skill level 10 in Polearms
 26394 | D:14     | Found a gate to the Vaults.
 26455 | D:14     | Identified 2 scrolls of acquirement
 26456 | D:14     | Acquired 870 gold pieces
 26457 | D:14     | Acquired 420 gold pieces
 26825 | D:14     | Found a shimmering blue altar of Sif Muna.
 26871 | D:15     | Entered Level 15 of the Dungeon
 27069 | D:15     | Found a staircase to the Depths.
 27168 | D:15     | Received a gift from Okawaru
 27320 | D:15     | Found a glowing golden altar of the Shining One.
 28073 | D:15     | Reached XP level 17. HP: 93/125 MP: 22/22
 28837 | Swamp:1  | Entered Level 1 of the Swamp
 28865 | Swamp:1  | Acquired 1820 gold pieces
 29216 | Swamp:1  | Reached skill level 16 in Shields
 29881 | Swamp:2  | Noticed a tentacled monstrosity
 29904 | Swamp:2  | Killed a tentacled monstrosity
 29904 | Swamp:2  | Received a gift from Okawaru
 30178 | Swamp:2  | Got a fine chain mail
 30189 | Swamp:2  | Identified the +1 chain mail "Jemned" {Int+2} (You found it
                  | on level 2 of the Swamp)
 31462 | Swamp:4  | Entered Level 4 of the Swamp
 31829 | Swamp:4  | Received a gift from Okawaru
 32351 | Swamp:4  | Reached skill level 17 in Shields
 33297 | Swamp:4  | Reached XP level 18. HP: 124/136 MP: 22/22
 33354 | Swamp:4  | Got a decaying rune of Zot
 33482 | Swamp:4  | Received a gift from Okawaru
 33485 | Swamp:4  | Got a heavily runed kite shield {god gift}
 33498 | Swamp:4  | Identified the +2 kite shield of Okawaru's Wrath {Dex+4
                  | SInv} (Okawaru gifted it to you on level 4 of the Swamp)
 34316 | D:8      | Bought a +4 ring of slaying for 1014 gold pieces
 34319 | D:8      | Acquired the amulet "Lusex" {Faith Dex-5 Slay+4}
 34515 | Depths:1 | Entered Level 1 of the Depths
 34636 | Depths:1 | Paralysed by a floating eye for 3 turns
 34663 | Depths:1 | Noticed a lich
 34964 | Depths:1 | Noticed a lich
 35023 | Depths:1 | Reached skill level 18 in Shields
 35391 | Spider:1 | Entered Level 1 of the Spider Nest
 36240 | Spider:1 | Received a gift from Okawaru
 37226 | Spider:3 | Noticed Arachne
 37262 | Spider:3 | Killed Arachne
 37692 | Spider:4 | Entered Level 4 of the Spider Nest
 37747 | Spider:4 | Reached skill level 19 in Shields
 37767 | Spider:4 | Received a gift from Okawaru
 37991 | Spider:4 | Reached XP level 19. HP: 135/145 MP: 23/23
 38805 | Spider:4 | Noticed Louise
 38830 | Spider:4 | Killed Louise
 38989 | Spider:4 | Received a gift from Okawaru
 39067 | Spider:4 | Got a brightly glowing morningstar {god gift}
 39068 | Spider:4 | Identified the +3 morningstar "Qasistug" {protect, rPois
                  | MP-9 Int+5 Stlth+} (Okawaru gifted it to you on level 4 of
                  | the Spider Nest)
 39166 | Spider:4 | Reached skill level 20 in Shields
 39462 | Spider:4 | Got a gossamer rune of Zot
 40296 | Depths:1 | Found a one-way gate to the infinite horrors of the Abyss.
 40301 | Depths:1 | Paralysed by a great orb of eyes for 3 turns
 40405 | Depths:1 | Noticed a Hell Sentinel
 40567 | Depths:1 | Received a gift from Okawaru
 40731 | Depths:1 | Noticed a lich
 40761 | Depths:1 | Killed a lich
 40761 | Depths:1 | Reached skill level 21 in Shields
 41459 | Depths:1 | Found a gateway to Hell.
 42105 | Depths:2 | Received a gift from Okawaru
 42107 | Depths:2 | Reached XP level 20. HP: 139/152 MP: 24/24
 42159 | Depths:2 | Got a steaming glass ring
 42161 | Depths:2 | Identified the cursed ring of Usunk {AC-4 Stlth+} (You
                  | found it on level 2 of the Depths)
 42274 | Depths:2 | Reached skill level 22 in Shields
 42386 | Depths:2 | Noticed Bai Suzhen
 42398 | Depths:2 | Paralysed by a floating eye for 4 turns
 42407 | Depths:2 | Killed Bai Suzhen
 42430 | Depths:2 | Identified the ring "Icrore" {*Slow +Inv rPois Int+4}
 42498 | Depths:2 | Noticed Sojobo
 42649 | Depths:2 | Received a gift from Okawaru
 42852 | Depths:2 | Killed Sojobo
 43128 | Depths:2 | Reached skill level 23 in Shields
 43475 | Depths:2 | Got a smoking granite ring
 43476 | Depths:2 | Identified the ring of Gozag's Delight {MR+ Str+9 Stlth+}
                  | (You found it on level 2 of the Depths)
 43622 | Depths:2 | Found Egotocebb's Distillery.
 43632 | Depths:2 | Bought a potion of heal wounds for 75 gold pieces
 43632 | Depths:2 | Bought a potion of heal wounds for 75 gold pieces
 43640 | Depths:2 | Bought a potion of might for 60 gold pieces
 44080 | Depths:2 | Received a gift from Okawaru
 44080 | Depths:2 | Paralysed by a floating eye for 3 turns
 44225 | Depths:2 | Found a gateway to a ziggurat.
 44295 | Depths:2 | Found Koisic's General Store.
 44309 | Depths:2 | Bought a scroll of enchant armour for 135 gold pieces
 44400 | D:14     | You paid a toll of +6 ice dragon scales to enter a treasure
                  | trove
 44401 | Trove    | Entered a treasure trove
 44670 | Depths:2 | Reached skill level 24 in Shields
 44826 | Depths:3 | Reached XP level 21. HP: 128/158 MP: 25/25
 45166 | Depths:3 | Noticed a caustic shrike
 45174 | Depths:3 | Reached skill level 1 in Spellcasting
 45185 | Depths:3 | Killed a caustic shrike
 45191 | Depths:3 | Received a gift from Okawaru
 45502 | Depths:3 | Found a one-way gate leading to the halls of Pandemonium.
 45981 | Depths:3 | Found Okyna's Antique Weapon Shop.
 46652 | Depths:3 | Received a gift from Okawaru
 46804 | Depths:3 | Found Qaeseuro's Assorted Antiques.
 47034 | Depths:4 | Paralysed by a floating eye for 2 turns
 47276 | Depths:4 | Paralysed by a floating eye for 3 turns
 47647 | Depths:4 | Found a magical portal.
 47652 | WizLab   | Entered The Hall of the Hellbinder
 47758 | WizLab   | Gained mutation: You are clumsy. (Dex -2) [a neqoxec]
 47779 | WizLab   | Gained mutation: You are partially covered in yellow
                  | scales. (AC +2) [a neqoxec]
 48274 | WizLab   | Reached skill level 5 in Spellcasting
 48736 | WizLab   | Noticed Cammom
 48749 | WizLab   | Killed Cammom the Hellbinder
 48749 | WizLab   | Received a gift from Okawaru
 48793 | WizLab   | Found a burning altar of Makhleb.
 48838 | WizLab   | Identified the Papyrus of Creation
 49603 | Depths:4 | Noticed a juggernaut
 49638 | Depths:4 | Killed a juggernaut
 49638 | Depths:4 | Reached XP level 22. HP: 95/167 MP: 23/29
 49655 | Depths:4 | Reached skill level 25 in Shields
 49692 | Depths:4 | Noticed a golden dragon
 49697 | Depths:4 | Killed a golden dragon
 49905 | Depths:4 | Received a gift from Okawaru
 49994 | Depths:4 | Noticed a caustic shrike
 50008 | Depths:4 | Killed a caustic shrike
 50072 | Depths:4 | Noticed an ancient lich
 50087 | Depths:4 | Killed an ancient lich
 50100 | Depths:4 | Noticed a caustic shrike
 50132 | Depths:4 | Killed a caustic shrike
 50132 | Depths:4 | Reached skill level 10 in Spellcasting
 50132 | Depths:4 | Reached skill level 1 in Translocations
 50132 | Depths:4 | Reached skill level 1 in Evocations
 50147 | Depths:4 | Received a gift from Okawaru
 50301 | Depths:4 | Noticed a caustic shrike
 50309 | Depths:4 | Killed a caustic shrike
 50349 | Depths:4 | Identified Faocliorghoes's Tome of Hexes
 50393 | Depths:4 | Got a pair of polished gloves
 50395 | Depths:4 | Got a transparent morningstar
 50396 | Depths:4 | Identified the +1 pair of gloves of the Doldrums {rC+ rCorr
                  | Str-2 Dex+2} (You found it on level 4 of the Depths)
 50397 | Depths:4 | Identified the +8 morningstar of Uqoasuro {vorpal, rElec
                  | Str+5 Int-2 SInv} (You found it on level 4 of the Depths)
 50828 | Depths:5 | Entered Level 5 of the Depths
 50987 | Depths:5 | Found a gate to the Realm of Zot.
 50987 | Depths:5 | Noticed a golden dragon
 51012 | Depths:5 | Received a gift from Okawaru
 51020 | Depths:5 | Killed a golden dragon
 51020 | Depths:5 | Reached skill level 5 in Translocations
 51020 | Depths:5 | Reached skill level 5 in Evocations
 51184 | Depths:5 | Received a gift from Okawaru
 51297 | Depths:5 | Got a transparent ivory ring
 51298 | Depths:5 | Identified the cursed ring of Ycuecedu {Str-4 Int-5 Dex+7}
                  | (You found it on level 5 of the Depths)
 51860 | Depths:5 | Reached XP level 23. HP: 171/171 MP: 33/33
 52069 | Depths:5 | Noticed a juggernaut
 52094 | Depths:5 | Killed a juggernaut
 52498 | Depths:3 | Bought a scroll of enchant armour for 195 gold pieces
 52498 | Depths:3 | Bought a phantom mirror for 780 gold pieces
 52498 | Depths:3 | Bought a phantom mirror for 780 gold pieces
 52776 | Orc:2    | Bought a scroll of enchant armour for 112 gold pieces
 52776 | Orc:2    | Bought a potion of berserk rage for 75 gold pieces
 53146 | Elf:1    | Entered Level 1 of the Elven Halls
 53269 | Elf:1    | Found a ruined gateway.
 53290 | Desolati | Entered the Desolation of Salt
 53323 | Desolati | Received a gift from Okawaru
 53693 | Desolati | Received a gift from Okawaru
 54029 | Desolati | Got an encrusted lajatang {god gift}
 54030 | Desolati | Identified the +7 lajatang "Boisygyp" {vorpal, rElec rN+++
                  | MR- Int-4} (Okawaru gifted it to you in the Desolation of
                  | Salt)
 54041 | Desolati | Identified the Volume of Confrontation and the Oath
 54299 | Desolati | Identified the Almanac of the Blaze
 54302 | Desolati | Got a crude lead ring
 54303 | Desolati | Identified the ring "Istromn" {rPois rF+ MP+9} (You found
                  | it in the Desolation of Salt)
 54428 | Desolati | Identified the Compendium of Execration
 54572 | Desolati | Got a pitted tin ring
 54575 | Desolati | Identified the ring of Javoeguc {rPois rF+ Str+4 Int+6
                  | SInv} (You found it in the Desolation of Salt)
 55821 | Elf:1    | Received a gift from Okawaru
 56201 | Elf:2    | Found a radiant altar of Vehumet.
 56232 | Elf:2    | Found the +3 Elemental Staff {rElec rF++ rC++ MR++ AC+5}
 56304 | Elf:2    | Acquired 3750 gold pieces
 56648 | Elf:2    | Found a huge runed translucent gate.
 56648 | Elf:2    | Found a huge runed translucent gate.
 56649 | Elf:2    | Found a huge runed translucent gate.
 56649 | Elf:2    | Found a huge runed translucent gate.
 56649 | Elf:2    | Found a huge runed translucent gate.
 56658 | Elf:2    | Reached skill level 10 in Translocations
 56660 | Elf:2    | Reached skill level 10 in Evocations
 57185 | Elf:3    | Entered Level 3 of the Elven Halls
 57185 | Elf:3    | Found Jugekkef's Weapon Shop.
 57206 | Elf:3    | Lost mutation: You are partially covered in yellow scales.
                  | (AC +2) [potion of mutation]
 57206 | Elf:3    | Lost mutation: You are clumsy. (Dex -2) [potion of
                  | mutation]
 57206 | Elf:3    | Gained mutation: Your magical capacity is very low. (-20%
                  | MP) [potion of mutation]
 57206 | Elf:3    | Gained mutation: You are agile. (Dex +2) [potion of
                  | mutation]
 57240 | Elf:3    | Reached XP level 24. HP: 172/178 MP: 30/30
 57290 | Elf:3    | Found Bunus's Book Boutique.
 57291 | Elf:3    | Found an ancient bone altar of Kikubaaqudgha.
 57558 | Elf:3    | Got a brightly glowing brass ring
 57559 | Elf:3    | Identified the ring of Temptation {Wiz SInv} (You found it
                  | on level 3 of the Elven Halls)
 57620 | Elf:3    | Found Piastrig's Gadget Emporium.
 57628 | Elf:3    | Bought a phantom mirror for 480 gold pieces
 57840 | Elf:3    | Identified the +5 war axe of Wu Jian's Pride {freeze,
                  | Dex+4}
 57840 | Elf:3    | Identified the ring of Lushuh {rPois rF+ Int+2 Dex+5}
 57856 | Elf:2    | Received a gift from Okawaru
 58462 | Elf:3    | Got a scintillating ruby amulet
 58466 | Elf:3    | Got a fading plate armour
 58470 | Elf:3    | Identified the +5 trident "Durchamabb" {chaos, rElec Int+2
                  | Stlth+}
 58476 | Elf:3    | Identified the cursed +1 plate armour of Henotheism {rC+
                  | Slay+3 SInv} (You found it on level 3 of the Elven Halls)
 58478 | Elf:3    | Identified the amulet "Vace Nyrr" {Inacc *Contam Str+4}
                  | (You found it on level 3 of the Elven Halls)
 58530 | Elf:3    | Found the +2 ratskin cloak {+Rats rPois rN+ Str-1 Int-1
                  | Dex+1}
 58721 | Elf:3    | Identified Roxanne's Tome of Shape Shifting
 58721 | Elf:3    | Noticed Roxanne
 58733 | Elf:3    | Killed Roxanne
 59449 | Vaults:1 | Entered Level 1 of the Vaults
 59984 | Vaults:1 | Received a gift from Okawaru
 61218 | Vaults:2 | Reached XP level 25. HP: 184/184 MP: 32/32
 61598 | Vaults:2 | Identified the amulet of Uttu {Faith rElec rF- Str+7
                  | Stlth-}
 61604 | Vaults:2 | Received a gift from Okawaru
 61608 | Vaults:2 | Reached skill level 15 in Polearms
 62604 | Vaults:3 | Received a gift from Okawaru
 63142 | Vaults:3 | Found a runed translucent gate.
 63142 | Vaults:3 | Found a runed translucent gate.
 63142 | Vaults:3 | Noticed quaternion's ghost (veteran MiFi)
 63143 | Vaults:3 | Found a runed translucent gate.
 63143 | Vaults:3 | Identified the cursed +0 demon trident of Epaxkad {drain,
                  | rN+}
 63143 | Vaults:3 | Identified the +9 eveningstar of Havoc {vorpal, MP+9 Dex+4}
 63143 | Vaults:3 | Identified the +8 chain mail "Biun" {rCorr}
 63145 | Vaults:3 | Found a roughly hewn altar of Beogh.
 63354 | Vaults:3 | Killed quaternion's ghost
 63575 | Vaults:3 | Got a brightly glowing sapphire amulet
 63577 | Vaults:3 | Identified the amulet "Zaompuom" {Acrobat rElec MP+9 Str-5
                  | Dex+7} (You found it on level 3 of the Vaults)
 63802 | Vaults:3 | Found a staircase to the Crypt.
 63802 | Vaults:3 | Found an ancient bone altar of Kikubaaqudgha.
 63803 | Vaults:3 | Found a basalt altar of Yredelemnul.
 64275 | Vaults:3 | Received a gift from Okawaru
 64698 | Vaults:4 | Reached skill level 15 in Spellcasting
 64753 | Vaults:4 | Found a flickering gateway to a bazaar.
 64758 | Bazaar   | Entered a bazaar
 64772 | Bazaar   | Found Sezxosh's Weapon Emporium.
 64787 | Bazaar   | Found Aniozxut's Book Emporium.
 64802 | Bazaar   | Found Teijapt's Antique Armour Emporium.
 64806 | Bazaar   | Bought a masterwork chain mail for 190 gold pieces
 64806 | Bazaar   | Bought an embroidered scarf for 160 gold pieces
 64844 | Bazaar   | Identified the +2 chain mail "Loedgh" {rElec Str-4 Int+5}
                  | (You bought it in a shop in a bazaar)
 65738 | Vaults:4 | Received a gift from Okawaru
 65751 | Vaults:4 | Cast into level 4 of the Abyss (tengu reaver)
 65751 | Abyss:4  | Found a corrupted altar of Lugonu.
 65885 | Vaults:4 | Escaped the Abyss
 66106 | Vaults:4 | Reached XP level 26. HP: 190/190 MP: 33/33
 66278 | Vaults:5 | Entered Level 5 of the Vaults
 66305 | Vaults:5 | Received a gift from Okawaru
 66580 | Vaults:5 | Noticed an ancient lich
 66604 | Vaults:5 | Killed an ancient lich
 66838 | Vaults:5 | Noticed an ancient lich
 66916 | Vaults:4 | Killed an ancient lich
 66916 | Vaults:4 | Received a gift from Okawaru
 66995 | Vaults:5 | Noticed an ancient lich
 67325 | Vaults:5 | Killed an ancient lich
 67861 | Vaults:5 | Received a gift from Okawaru
 68285 | Vaults:5 | Identified the +1 robe "Ritush" {Regen+ MP+9 Int+8 Dex-3}
 68348 | Vaults:5 | Got a silver rune of Zot
 68444 | Vaults:5 | Acquired 2760 gold pieces
 68549 | Vaults:5 | Identified the Disquisition on Frigorific Weightlessness
 68647 | Vaults:5 | Identified the ring of Sicruut {+Fly rC+ AC+4}
 68664 | Vaults:5 | Reached XP level 27. HP: 191/196 MP: 33/33
 69025 | Vaults:5 | Got a faintly humming plate armour
 69026 | Vaults:5 | Identified the +2 plate armour "Jovam" {Str+7 Int+3 Slay-2}
                  | (You found it on level 5 of the Vaults)
 69820 | Zot:1    | Entered Level 1 of the Realm of Zot
 71349 | Zot:2    | Received a gift from Okawaru
 72498 | Zot:3    | Reached skill level 15 in Translocations
 73309 | Zot:4    | Noticed an orb of fire
 73315 | Zot:4    | Lost mutation: You are robust. (+10% HP) [an orb of fire]
 73756 | Zot:4    | Reached skill level 1 in Throwing
 73907 | Zot:4    | Received a gift from Okawaru
 74088 | Zot:4    | Killed an orb of fire
 74149 | Zot:4    | Reached skill level 10 in Armour
 74767 | Zot:5    | Entered Level 5 of the Realm of Zot
 75159 | Zot:5    | Reached skill level 5 in Throwing
 75531 | Zot:5    | Received a gift from Okawaru
 75641 | Zot:5    | Noticed an ancient lich
 75745 | Zot:5    | Killed an ancient lich
 75745 | Zot:5    | Received a gift from Okawaru
 75769 | Zot:5    | Noticed an orb of fire
 75771 | Zot:5    | Noticed an orb of fire
 75785 | Zot:5    | Gained mutation: Armour fits poorly on your strangely
                  | shaped body. [an orb of fire]
 75792 | Zot:5    | Gained mutation: You are frail. (-10% HP) [an orb of fire]
 75792 | Zot:5    | Noticed an orb of fire
 75795 | Zot:5    | Gained mutation: You are very frail. (-20% HP) [an orb of
                  | fire]
 75797 | Zot:5    | Killed an orb of fire
 75799 | Zot:5    | Noticed an ancient lich
 75802 | Zot:5    | Gained mutation: You occasionally shout uncontrollably at
                  | your foes. [an orb of fire]
 75808 | Zot:5    | Gained mutation: Your body sometimes deteriorates upon
                  | taking damage. [an orb of fire]
 75819 | Zot:5    | Killed an orb of fire
 75819 | Zot:5    | Received a gift from Okawaru
 75826 | Zot:5    | Killed an ancient lich
 75830 | Zot:5    | Gained mutation: You are occasionally teleported next to
                  | monsters. [an orb of fire]
 75837 | Zot:5    | Killed an orb of fire
 75837 | Zot:5    | Reached skill level 15 in Invocations
 75870 | Zot:5    | Got a pair of heavily runed gloves {god gift}
 76140 | Zot:5    | Identified the +0 pair of gloves "Cozam" {MP+9} (Okawaru
                  | gifted it to you on level 5 of the Realm of Zot)
 76161 | Zot:5    | Noticed an orb of fire
 76194 | Zot:5    | Killed an orb of fire
 76608 | Zot:5    | Noticed an orb of fire
 76610 | Zot:5    | Gained mutation: Scrolls take you a little longer to read.
                  | [an orb of fire]
 76626 | Zot:5    | Noticed an orb of fire
 76630 | Zot:5    | Gained mutation: You are dopey. (Int -2) [an orb of fire]
 76632 | Zot:5    | Gained mutation: You sometimes yell uncontrollably at your
                  | foes. [an orb of fire]
 76634 | Zot:5    | Gained mutation: You are very dopey. (Int -4) [an orb of
                  | fire]
 76646 | Zot:5    | Noticed an orb of fire
 76648 | Zot:5    | Killed an orb of fire
 76675 | Zot:5    | Killed an orb of fire
 76675 | Zot:5    | Received a gift from Okawaru
 76894 | Zot:5    | Noticed an orb of fire
 76898 | Zot:5    | Noticed an orb of fire
 76909 | Zot:5    | Noticed an orb of fire
 76916 | Zot:5    | Lost mutation: You sometimes yell uncontrollably at your
                  | foes. [an orb of fire]
 76917 | Zot:5    | Gained mutation: You tend to lose your temper in combat.
                  | [an orb of fire]
 76920 | Zot:5    | Gained mutation: Scrolls take you longer to read. [an orb
                  | of fire]
 76922 | Zot:5    | Killed an orb of fire
 76931 | Zot:5    | Killed an orb of fire
 76946 | Zot:5    | Killed an orb of fire
 76957 | Zot:5    | Reached skill level 10 in Throwing
 76960 | Zot:5    | Noticed an ancient lich
 76964 | Zot:5    | Blown up by an ancient lich

Illustrated notes

Levels and vault maps discovered:
D:1:      heliophobic_arrival_ceremonial_halls, layout_basic
D:2:      layout_basic, lemuel_round_altar, old_standard_altar, minivault_27,
          minmay_misc_feat_square
D:3:      layout_basic, nicolae_overflow_hidden_temple,
          nicolae_qazlal_style_of_elements, grunt_temple_overflow_open,
          first_ration
D:4:      layout_basic, overflow_temple_1_default,
          amethyst_overflow_temple_binary
D:5:      layout_basic, brannock_xom_greatest_gift, bloody_makhleb,
          uniq_blork_the_orc
D:6:      layout_rooms, minmay_temple_entry_mini_moons, basic_altar,
          nrook_mini_backslash
D:7:      gammafunk_beogh_shrine, layout_basic, gammafunk_ghost_nasty_kobolds,
          enter_bailey_7
D:8:      layout_gridville, serial_shops, nicolae_shop_trees,
          nicolae_shop_temple_entry_statues_fountains, shop_fountains, shop,
          uniq_harold, uniq_pikel, uniq_grum
D:9:      layout_cross, dpeg_lair_monsters, gammafunk_ghost_spectres,
          serial_shops, shop
D:10:     layout_basic, minmay_ruffians
D:11:     layout_basic, erik_orc_1, portal_ice_cave_entry_ice_beasts,
          gammafunk_ghost_necromancy, grunt_livestock,
          kennysheep_generic_room_10
D:12:     layout_long_grid, uniq_nessos, uniq_maurice
D:13:     layout_rooms, serial_shops, shop, eino_house_with_fridge, uniq_kirke
D:14:     layout_basic, grunt_vaults_entry_tiered, kennysheep_pointless_box,
          enter_trove_0, tgw_sif
D:15:     gammafunk_depths_entry_grave, layout_cave_pods, tso_altar
Temple:   jpeg_temple_island
Lair:1:   layout_roguey, serial_rivers, chequers_serial_rivers_small_3,
          chequers_serial_rivers_micro_b, chequers_serial_rivers_marsh,
          chequers_serial_rivers_small_b, lightli_volcano_entry_magma_tube,
          cheibrodos_lair_reptile_den, lemuel_fruit_tree, uniq_erica
Lair:2:   layout_misc_corridors, swamp_mist, gammafunk_ghost_arena,
          minmay_lair_oklob_chamber, grunt_megastairs_2
Lair:3:   layout_cave_pods, spider_nest_entry_web_field, basic_altar
Lair:4:   layout_hall_layers, serial_bayou_pond_b, st_stairs_9,
          grunt_megastairs_4, lemuel_fruit_fields, uniq_sonja
Lair:5:   layout_cave_pods
Lair:6:   wormcave, layout_cave_pods, hangedman_lair_in_review, slime_altar_1
Swamp:1:  layout_falls_marsh, nicolae_swamp_trees_clearing
Swamp:2:  layout_basic_swamp, evilmike_swamp_ruin_house_5, swamp_pool4
Swamp:3:  layout_basic_swamp, nicolae_swamp_stair_fork, swamp_pool4
Swamp:4:  swamp_basic_johnstein, layout_basic_swamp, swamp_pool5
Spider:1: lemuel_spider_zombies
Spider:2: layout_spider_delve, nicolae_spider_stair_cavern
Spider:3: layout_spider_delve, uniq_arachne
Spider:4: grunt_spider_rune_parallel, drop_trap, uniq_louise
Orc:1:    lemuel_ogre_cave, layout_diamond_mine, uniq_josephine, uniq_nergalle,
          uniq_jorgrun
Orc:2:    grunt_orc_cross, layout_caves, serial_shops,
          nicolae_shop_competitors_out_of_business, special_room
Elf:1:    elf_arrival_001, layout_geoelf_diagonals,
          portal_desolation_entry_salt, hangedman_corner_corridor, st_stairs_7,
          minmay_misc_feat_diagonals
Elf:2:    layout_rooms, basic_altar
Elf:3:    grunt_elf_hall_branching, layout_loops_cross, serial_shops,
          nicolae_shop_stone, shop, shop, basic_altar, minivault_20,
          minmay_the_grid_square_5x5_3x3_mashed
          [minmay_the_grid_square_5x5_bracketed,
          minmay_the_grid_square_5x5_two_walls_a,
          minmay_the_grid_square_5x5_intrusive_squares,
          minmay_the_grid_square_5x5_two,
          minmay_the_grid_square_5x5_megaprize_hollow,
          minmay_the_grid_square_5x5_minibox, minmay_the_grid_square_5x5_lines,
          minmay_the_grid_square_5x5_eight_small,
          minmay_the_grid_square_5x5_mess], uniq_roxanne
Vaults:1: ontoclasm_vaults_hangar, v_pattern_5, v_alt_pattern_6,
          grunt_vaults_swirl, vaults_room_door_ring,
          nicolae_vaults_little_squares_6, ontoclasm_vaults_spin,
          nicolae_vaults_holding_cells, nicolae_vaults_border_crossing,
          vaults_room_grunt_arrival_checkpoint, vaults_dpeg_diagonal,
          layout_vaults_quadrants
Vaults:2: v_misc_30, hangedman_vaults_slice, st_octagons_2,
          hangedman_vaults_corner_blocks, serial_ice_b, v_alt_pattern_2,
          vaults_room_hallway, ontoclasm_vaults_ligature,
          nicolae_vaults_puzzle_piece, nicolae_vaults_little_squares_1,
          ontoclasm_vaults_idyll, hangedman_vaults_cutoff, layout_vaults_omnibox
Vaults:3: biasface_vaults_ghost_orc_armoury, nicolae_vaults_back_hallway,
          nicolae_vaults_circle_grid_b, minmay_crypt_entry_necro_gods,
          hangedman_vaults_snaps, v_misc_26, st_cells, vaults_mumra_hexcomb,
          nicolae_vaults_hallways_thing, hangedman_vaults_river_flow,
          ontoclasm_vaults_ring_square, v_misc_13, vaults_room_fancy_cross,
          nicolae_vaults_three_branches, hangedman_vaults_cutoff, v_misc_15,
          serial_ice_h, ontoclasm_vaults_claustrophobia, v_alt_pattern_1,
          layout_vaults_maze_bifur
Vaults:4: nicolae_vaults_network_periphery, ontoclasm_vaults_shuriken,
          grunt_vaults_twisty, nicolae_vaults_mini_display_case,
          st_spiral_rooms, vaults_dpeg_spiral, v_misc_14, vaults_dpeg_doors,
          grunt_vaults_hallway_short, vaults_room_semicircle,
          layout_vaults_omnicross, serial_shops, bzr_entry_road
Vaults:5
Depths:1: layout_roguey, abyss_entry, hell_entry, chequers_big_river,
          minmay_protected_statue, grunt_megastairs_3
Depths:2: hangedman_spin_cycle, hell_entry, uniq_bai_suzhen
Depths:3: minmay_textured_paths, layout_gridlike, serial_shops,
          nicolae_shop_trees, nicolae_shop_overgrown_old_shop, pan_entry,
          grunt_hell_entry_dis_old, minmay_misc_feat_doors,
          serial_bayou_shore_b, serial_bayou_shore_b,
          minmay_staircase_windowed_large
Depths:4: minmay_tearing_corner, layout_basic, mu_enter_wizlab_6,
          hangedman_abyss_entry_splay, pf_vacation_house_of_asmodeus,
          infiniplex_staircase_zigzag_4
Depths:5: grunt_zot_entry_tricorne, layout_gridlike, grunt_pan_entry_zigzag,
          abyss_entry, pf_coc_iceberg
Zot:1:    layout_basic
Zot:2:    layout_basic
Zot:3:    layout_concentric_octagons
Zot:4:    layout_onion, lemuel_elevator
Zot:5:    layout_twisted_circle

Skill      XL: |  1  2  3  4  5  6  7  8  9 10 11 12 13 14 15 16 17 18 19 20 21 22 23 24 25 26 27 |
---------------+----------------------------------------------------------------------------------+-----
Maces & Flails | 3 4 5 7 10 12 14 15 16 | 16.0
Fighting       | 4 5 6 8 10 11 14 15 17 19 | 19.8
Shields        | 4 5 7 10 12 14 15 17 19 21 24 25 | 25.2
Invocations    | 3 5 9 10 17 | 17.5
Armour         | 4 8 14 | 14.1
Polearms       | 2 12 14 16 18 20 | 20.0
Spellcasting   | 7 10 13 15 | 15.0
Translocations | 6 10 13 15 | 15.0
Evocations     | 6 10 | 10.0
Throwing       | 10 | 10.0

Action                   |  1- 3 |  4- 6 |  7- 9 | 10-12 | 13-15 | 16-18 | 19-21 | 22-24 | 25-27 || total
-------------------------+-------+-------+-------+-------+-------+-------+-------+-------+-------++-------
Melee: Flail             |   144 |   186 |       |       |       |       |       |       |       ||   330
       Whip              |       |    14 |   366 |   670 |       |       |       |       |       ||  1050
       Eveningstar       |       |       |       |   189 |  1432 |   446 |       |       |       ||  2067
       Lance             |       |       |       |       |       |  2043 |  1872 |  1838 |  2631 ||  8384
       Unarmed           |       |       |       |       |       |     5 |       |       |       ||     5
Throw: Dart              |       |       |       |    24 |    13 |       |       |       |       ||    37
       Throwing net      |       |       |       |     1 |       |       |       |       |       ||     1
       Javelin           |       |       |       |       |       |       |       |     5 |    15 ||    20
 Cast: Lesser Beckoning  |       |       |       |       |       |       |       |       |     3 ||     3
Invok: Heroism           |       |       |     2 |       |       |       |       |       |     2 ||     4
       Finesse           |       |       |       |       |     1 |     1 |     1 |     1 |     9 ||    13
 Abil: Fly               |       |       |       |       |       |     1 |       |       |       ||     1
       Stop Flying       |       |       |       |       |       |       |     1 |       |       ||     1
Evoke: Wand              |       |     3 |       |       |       |     6 |    10 |     2 |     5 ||    26
       Phantom mirror    |       |       |       |       |       |       |     1 |       |     2 ||     3
  Use: Scroll            |       |     4 |     8 |     5 |    10 |     9 |    21 |    21 |    17 ||    95
       Potion            |       |       |     2 |     5 |     2 |       |       |     1 |    11 ||    21
 Stab: Paralysed         |       |     9 |       |       |       |       |       |       |       ||     9
       Held in net/web   |       |       |       |     1 |       |       |       |       |       ||     1
       Petrifying        |       |       |       |       |     1 |       |       |       |       ||     1
       Petrified         |       |       |       |       |     1 |       |       |       |       ||     1
       Confused          |       |       |       |       |     1 |       |     1 |       |       ||     2
       Distracted        |       |       |       |       |       |       |       |     1 |       ||     1
  Eat: Chunk             |     1 |     3 |     8 |    15 |    31 |    32 |    26 |    19 |    20 ||   155
       Ration            |       |     1 |     1 |     1 |     1 |     4 |     3 |     5 |    10 ||    26
Armor: Scale mail        |    76 |    32 |       |       |       |       |       |       |       ||   108
       Chain mail        |       |    20 |    76 |       |       |       |       |       |       ||    96
       Ring mail         |       |    20 |    11 |       |       |       |       |       |       ||    31
       Plate armour      |       |       |    24 |   286 |   632 |  1348 |   952 |    35 |       ||  3277
       Gold dragon scale |       |       |       |       |       |       |       |   441 |   752 ||  1193
Dodge: Dodged            |    48 |    39 |    43 |   107 |   251 |   452 |   293 |    92 |   182 ||  1507
Block: Kite shield       |   108 |   165 |   209 |   600 |  1305 |  1759 |  1158 |   471 |       ||  5775
       Reflection        |       |     4 |    15 |    11 |    44 |    38 |       |       |       ||   112
       Other             |       |       |       |       |       |     2 |       |       |       ||     2
       Tower shield      |       |       |       |       |       |       |       |   408 |  1822 ||  2230
